 Dungeon Crawl Stone Soup version 0.29.1-15-g9cfb28693d (webtiles) character file.

Game seed: 8029764862772443074

16 croobank the Sneak (level 2, 0/21 HPs)
             Began as an Octopode Delver on Mar 16, 2023.
             Succumbed to an adder's poison
             ... on level 2 of the Dungeon.
             The game lasted 00:01:46 (240 turns).

croobank the Sneak (Octopode Delver)                 Turns: 240, Time: 00:01:46

Health: 0/21       AC:  1    Str: 15    XL:     2   Next: 58%
Magic:  2/2        EV: 13    Int: 11    God:
Gold:   7          SH:  0    Dex: 12    Spells: 1/1 levels left

rFire   . . .      SeeInvis .   c - +10 spear of the Curious Stars {vorpal, rElec}
rCold   . . .      Faith    .   (no shield)
rNeg    . . .      Spirit   .   (helmet restricted)
rPois   .          Reflect  .   (no amulet)
rElec   +          Harm     .   (no ring)
rCorr   .          Rampage  .   (no ring)
Will    .....                   (no ring)
Stlth   ++++......              (no ring)
HPRegen 0.07/turn               (no ring)
MPRegen 0.08/turn               (no ring)
                                (no ring)
                                (no ring)

@: lethally poisoned (0 -> -2), hasted, very quick
A: almost no armour, amphibious, 8 rings, camouflage 1, gelatinous body 1,
(nimble swimmer 1), tentacles, screaming 1, strong 1
a: no special abilities


You were on level 2 of the Dungeon.
You visited 1 branch of the dungeon, and saw 5 of its levels.

You collected 7 gold pieces.

Inventory:

Hand Weapons
 a - a +0 hand axe
 c - the +10 spear of the Curious Stars (weapon) {vorpal, rElec}
   (You found it on level 2 of the Dungeon)

   It inflicts extra damage upon your enemies.
   rElec:     It insulates you from electricity.
Wands
 f - a wand of digging (3)
Scrolls
 b - a scroll of fog


   Skills:
 + Level 3.2 Fighting
 + Level 2.2 Axes
 + Level 2.2 Dodging
 + Level 6.9 Stealth


You had one spell level left.
You didn't know any spells.
Your spell library was empty.

Dungeon Overview and Level Annotations

Branches:
Dungeon (6/15)
 Temple: D:4-7

Altars:
Yredelemnul


Innate Abilities, Weirdness & Mutations

You cannot wear most types of armour.
You are amphibious.
You can wear up to eight rings at the same time.
Your skin changes colour to match your surroundings (Stealth+).
Your rubbery body absorbs attacks. (AC +1, EV +1)
((You are camouflaged when in or above water. (Stealth+)))
You have tentacles for arms and can constrict up to eight enemies at once.
You occasionally shout uncontrollably at your foes.
Your muscles are strong. (Str +4, Int/Dex -1)


Message History

The adder bites you.
You are poisoned.
The adder poisons you! The adder barely misses you.
You hit the adder. Your grab misses the adder.
The adder is moderately wounded.
You feel sick. The adder bites you. The adder closely misses you.
You hit the adder. You grab the adder.
The adder is almost dead.
You constrict the adder.
You feel sick. The adder bites you.
You are lethally poisoned!
The adder poisons you!
You are too injured to fight recklessly!
You are too injured to fight recklessly!
It was a potion of mutation.
You feel extremely strange.
You feel stronger.
You feel the urge to shout.
You constrict the adder.
You kill the adder!
You feel very sick. The goblin misses you.
You have reached level 2!
You hit the goblin.
You kill the goblin!
* * * LOW HITPOINT WARNING * * *
You feel sick.
Okay, then.
Okay, then.
You feel yourself speed up.
* * * LOW HITPOINT WARNING * * *
You feel sick.
* * * LOW HITPOINT WARNING * * *
You feel sick.
Things that are here:
a +0 dagger; a goblin corpse
* * * LOW HITPOINT WARNING * * *
You feel sick.
* * * LOW HITPOINT WARNING * * *
You feel sick.
You see here the +10 spear of the Curious Stars {vorpal, rElec}.
c - the +10 spear of the Curious Stars (weapon)
{vorpal, rElec} You die...

# #.### ....###
#...# ###.@# #...##
#####.### ###..#).#
###.#....##
###.#..#.#.......
###.#..#.#+#.(.....
#.#..#.### #.......
#..#.### #...>...


There were no monsters in sight!

Vanquished Creatures
  An adder (D:2)
  2 ball pythons
  An endoplasm (D:2)
  A goblin (D:2)
  A bat (D:2)
  A rat (D:3)
7 creatures vanquished.

Notes
Turn   | Place    | Note
-------+----------+-------------------------------------------
     0 | D:5      | croobank the Octopode Delver began the quest for the Orb.
     0 | D:5      | Reached XP level 1. HP: 16/16 MP: 1/1
     1 | D:6      | Noticed an iguana
     1 | D:6      | Noticed an ice beast
     2 | D:6      | Noticed a scorpion
    18 | D:4      | Noticed a hound
    41 | D:3      | Found a basalt altar of Yredelemnul.
   232 | D:2      | Gained mutation: Your muscles are strong. (Str +4, Int/Dex
                  | -1) [potion of mutation]
   232 | D:2      | Gained mutation: You occasionally shout uncontrollably at
                  | your foes. [potion of mutation]
   233 | D:2      | Reached XP level 2. HP: 7/21 MP: 2/2
   238 | D:2      | HP: 1/21 [poisoned by an adder]
   239 | D:2      | Identified the +10 spear of the Curious Stars {vorpal,
                  | rElec}
   240 | D:2      | Succumbed to an adder's poison

Illustrated notes

Levels and vault maps discovered:
D:2:      minmay_razor_zed, layout_rooms,
          shapermc_ecumenical_altar_mp_ritualfount,
          nicolae_concentric_dashed_squares_wild,
          chequers_serial_rivers_micro_e, minmay_distorted
D:3:      layout_loops_ring, okawaru_altar_gauntlet_db,
          mainiacjoe_overflow_cross_hatched, nicolae_wu_jian_wuxing_cycle,
          minmay_joined_circles, uniq_sigmund, uniq_crazy_yiuf_cottage,
          uniq_natasha
D:4:      layout_basic, nicolae_gozag_cash_rules_everything_around_me,
          serial_glass, glass_columns_b, glass_columns_b
D:5:      layout_basic, lemuel_crystal_altar
D:6:      layout_cave_pods, lemuel_crystal_altar, temple_doors_cd,
          gup_ossuary_entry_pyramid, serial_park, serial_park_square3
          [serial_park_minivault_5x5_2], serial_park_tiny_1, serial_park_square2

Action                   || total
-------------------------++-------
Melee: Hand axe          ||    12
       Constrict         ||     2
  Use: Scroll            ||     2
       Potion            ||     2
 Stab: Sleeping          ||     4
Armor: Skin              ||     2
Dodge: Dodged            ||     5
